 Dungeon Crawl Stone Soup version 0.28-a0-1389-gc726bef33b (webtiles) character file.

Game seed: 14292342674088481378

74 willcat the Prestidigitator (level 4, 0/32 HPs)
             Began as a Gnoll Wanderer on Jan 3, 2022.
             Slain by a gnoll (6 damage)
             ... on level 3 of the Dungeon.
             The game lasted 00:01:55 (2512 turns).

willcat the Prestidigitator (Gnoll Wanderer)        Turns: 2512, Time: 00:01:55

Health: 0/32       AC:  3    Str:  8    XL:     4   Next: 28%
Magic:  5/5        EV: 12    Int: 12    God:
Gold:   64         SH:  0    Dex: 22    Spells: 5/5 levels left

rFire   . . .      SeeInvis .   r - +8 short sword "Finwetun" {vamp, rElec rPois Stlth+}
rCold   + . .      Faith    .   (no shield)
rNeg    . . .      Spirit   .   e - +0 robe
rPois   +          Reflect  .   (no helmet)
rElec   +          Harm     .   (no cloak)
rCorr   .          Rampage  .   d - +0 pair of gloves
Will    .....                   (no boots)
Stlth   ++++......              (no amulet)
HPRegen 0.10/turn               m - +6 ring of dexterity
MPRegen 0.09/turn               p - ring of protection from cold

@: no status effects
A: fangs 1, strong nose, distributed training
a: no special abilities


You were on level 3 of the Dungeon.
You visited 1 branch of the dungeon, and saw 3 of its levels.

You collected 64 gold pieces.

Inventory:

Hand Weapons
 r - the +8 short sword "Finwetun" (weapon) {vamp, rElec rPois Stlth+}
   (You found it on level 3 of the Dungeon)

   It occasionally heals its wielder for a portion of the damage dealt when it
   wounds a living foe.
   rElec:     It insulates you from electricity.
   rPois:     It protects you from poison.
   Stlth:     It makes you more stealthy.
Missiles
 a - 55 stones
Armour
 d - a +0 pair of gloves (worn)
 e - a +0 robe (worn)
Jewellery
 m - a +6 ring of dexterity (left hand)
 p - a ring of protection from cold (right hand)
 q - an amulet of guardian spirit
Scrolls
 c - a scroll of torment {unknown}
 g - 3 scrolls of fear {unknown}
 h - 3 scrolls of identify {unknown}
 j - a scroll of vulnerability {unknown}
 l - 2 scrolls of fog {unknown}
 o - a scroll of enchant armour {unknown}
Potions
 b - a potion of cancellation {unknown}
 i - 2 potions of attraction {unknown}
 n - a potion of lignification {unknown}
Miscellaneous
 f - a lightning rod (4/4) (quivered)


   Skills:
 + Level 1.1 Fighting
 + Level 1.1 Short Blades
 + Level 1.1 Long Blades
 + Level 1.1 Axes
 + Level 1.1 Maces & Flails
 + Level 1.1 Polearms
 + Level 1.1 Staves
 + Level 4.6 Slings
 + Level 1.1 Bows
 + Level 1.1 Crossbows
 + Level 1.1 Throwing
 + Level 2.7 Armour
 + Level 1.1 Dodging
 + Level 4.2 Stealth
 + Level 1.1 Shields
 + Level 1.1 Unarmed Combat
 + Level 1.1 Spellcasting
 + Level 0.8 Conjurations
 + Level 0.8 Hexes
 + Level 0.8 Summonings
 + Level 0.8 Necromancy
 + Level 0.8 Translocations
 + Level 0.8 Transmutations
 + Level 0.8 Fire Magic
 + Level 0.8 Ice Magic
 + Level 0.8 Air Magic
 + Level 0.8 Earth Magic
 + Level 0.8 Poison Magic
 + Level 1.2 Invocations
 + Level 10.4 Evocations


You had 5 spell levels left.
You didn't know any spells.
Your spell library contained the following spells:

 Spells                   Type           Power      Damage    Failure   Level
 Blink                    Tloc           4%         N/A       32%         2
 Corpse Rot               Necr/Air       4%         N/A       32%         2
 Poisonous Vapours        Pois/Air       4%         N/A       32%         2
 Lesser Beckoning         Tloc           2%         N/A       54%         3
 Manifold Assault         Tloc           2%         N/A       99%         5


Dungeon Overview and Level Annotations

Branches:
Dungeon (3/15)

Altars:
Zin
The Shining One

Shops:
D:1 =


Innate Abilities, Weirdness & Mutations

You have very sharp teeth.
Your uncanny sense of smell can sniff out nearby items.
Your experience applies equally to all skills.


Message History

The gnoll is moderately wounded.
The gnoll barely misses you.
You puncture the gnoll!
The gnoll is severely wounded.
The gnoll barely misses you.
You puncture the gnoll!
You kill the gnoll!
The gnoll closely misses you.
You have reached level 4!
You feel stronger.
You closely miss the gnoll.
The gnoll is moderately wounded.
The gnoll closely misses you.
You barely miss the gnoll.
The gnoll is moderately wounded.
The gnoll barely misses you. The gnoll hits you with a +0 whip.
You hit the gnoll.
The gnoll is moderately wounded.
The gnoll hits you from afar with a +0 spear.
The gnoll misses you.
You hit the gnoll. You bite the gnoll, but do no damage.
The gnoll is severely wounded.
The gnoll hits you from afar with a +0 spear.
The gnoll hits you with a +0 whip.
You hit the gnoll.
You kill the gnoll!
The gnoll completely misses you. The gnoll hits you with a +0 spear.
Things that are here:
a +0 whip; a gnoll corpse You hit the gnoll.
You feel better.
The gnoll is moderately wounded.
The gnoll hits you with a +0 spear.
* * * LOW HITPOINT WARNING * * *
You barely miss the gnoll.
The gnoll is moderately wounded.
The gnoll hits you with a +0 spear.
* * * LOW HITPOINT WARNING * * *
The gnoll hits you from afar with a +0 spear.
You die...

# #...........#
#######.##.###.##
........##.###..
#####........#.# # #
#.#.#..#.#.##.# #
#.#.#..#.....# . #
#.#.#......# ♣♣.._ #
#.#.#†####.#####.8....
#.#.#.# #..@)g)....P.
#.....# ########8....
#######.### #.<...#
.._
....###.#######.....#
.
........##..........#
....###.....###.....#
#♣♣ #####
#.......#.....####.#
#.##..#.########...#
#.##..#.### #.###


You could see a gnoll.

Vanquished Creatures
  2 gnolls (D:3)
  An adder (D:3)
  A white imp (D:3)
  A dart slug (D:2)
  An orc (D:2)
  A ball python (D:2)
  5 endoplasms
  2 giant cockroaches (D:1)
  2 hobgoblins
  2 kobolds
  5 quokkas
  3 bats
  A frilled lizard (D:1)
  2 goblins
  3 rats
32 creatures vanquished.

Notes
Turn   | Place    | Note
-------+----------+-------------------------------------------
     0 | D:1      | Reached skill level 10 in Evocations
     0 | D:1      | willcat the Gnoll Wanderer began the quest for the Orb.
     0 | D:1      | willcat set off with the following items: a +0 hunting
                  | sling, a lightning rod (4/4), 18 sling bullets, a +0 pair
                  | of gloves, a +0 robe
     0 | D:1      | Reached XP level 1. HP: 13/13 MP: 1/1
   121 | D:1      | Found Xuwiw's Jewellery Shop.
   394 | D:1      | Reached XP level 2. HP: 9/19 MP: 2/2
  1469 | D:2      | Reached XP level 3. HP: 24/25 MP: 3/3
  1709 | D:2      | Found a glowing silver altar of Zin.
  1966 | D:3      | Identified the +8 short sword "Finwetun" {vamp, rElec rPois
                  | Stlth+}
  2129 | D:3      | Reached skill level 1 in Invocations
  2189 | D:3      | Reached skill level 1 in Fighting
  2189 | D:3      | Reached skill level 1 in Short Blades
  2189 | D:3      | Reached skill level 1 in Long Blades
  2189 | D:3      | Reached skill level 1 in Axes
  2189 | D:3      | Reached skill level 1 in Maces & Flails
  2189 | D:3      | Reached skill level 1 in Polearms
  2189 | D:3      | Reached skill level 1 in Staves
  2189 | D:3      | Reached skill level 1 in Bows
  2189 | D:3      | Reached skill level 1 in Crossbows
  2189 | D:3      | Reached skill level 1 in Throwing
  2189 | D:3      | Reached skill level 1 in Dodging
  2189 | D:3      | Reached skill level 1 in Shields
  2189 | D:3      | Reached skill level 1 in Unarmed Combat
  2189 | D:3      | Reached skill level 1 in Spellcasting
  2498 | D:3      | Found a glowing silver altar of Zin.
  2498 | D:3      | Found a glowing golden altar of the Shining One.
  2502 | D:3      | Reached XP level 4. HP: 32/32 MP: 5/5
  2512 | D:3      | Slain by a gnoll

Illustrated notes

Levels and vault maps discovered:
D:1:      wander_arrival_chamber, layout_basic, serial_shops, shop_fountains
D:2:      layout_basic, serial_rivers, chequers_serial_rivers_micro_c,
          chequers_serial_rivers_micro_a, chequers_serial_rivers_small_3,
          chequers_serial_rivers_micro_e, basic_altar, hangedman_feature_mirror
D:3:      layout_loops_cross, good_gods_temple_1

Skill      XL: |  1  2  3 |
---------------+----------+-----
Evocations     | | 10.4
Invocations    | 1 |  1.2
Fighting       | 1 |  1.1
Short Blades   | 1 |  1.1
Long Blades    | 1 |  1.1
Axes           | 1 |  1.1
Maces & Flails | 1 |  1.1
Polearms       | 1 |  1.1
Staves         | 1 |  1.1
Bows           | 1 |  1.1
Crossbows      | 1 |  1.1
Throwing       | 1 |  1.1
Dodging        | 1 |  1.1
Shields        | 1 |  1.1
Unarmed Combat | 1 |  1.1
Spellcasting   | 1 |  1.1
Slings         | |  4.6
Armour         | |  2.7
Stealth        | |  4.2
Conjurations   | |  0.8
Hexes          | |  0.8
Summonings     | |  0.8
Necromancy     | |  0.8
Translocations | |  0.8
Transmutations | |  0.8
Fire Magic     | |  0.8
Ice Magic      | |  0.8
Air Magic      | |  0.8
Earth Magic    | |  0.8
Poison Magic   | |  0.8

Action                   |  1- 3 |  4- 6 || total
-------------------------+-------+-------++-------
Melee: Whip              |    64 |       ||    64
       Bite              |     7 |     1 ||     8
       Short sword       |    13 |     7 ||    20
 Fire: Hunting sling     |     1 |       ||     1
Evoke: Lightning rod     |     2 |       ||     2
 Stab: Sleeping          |     8 |       ||     8
Armor: Robe              |    27 |       ||    27
Dodge: Dodged            |    51 |     4 ||    55

Table legend: (Time is in decaauts)
 A = Elapsed time spent in this place.
 B = Non-inter-level travel time spent in this place.
 C = Inter-level travel time spent in this place.
 D = Time resting spent in this place.
 E = Time spent auto-exploring this place.
 F = Levels seen in this place.
 G = Mean time per level.
                   A        B        C        D        E       F      G
               +--------+--------+--------+--------+--------+-----+--------+
         Total |   2516 |   2429 |     87 |      0 |   2116 |   3 |  838.7 |
       Dungeon |   2516 |   2429 |     87 |      0 |   2116 |   3 |  838.7 |
               +--------+--------+--------+--------+--------+-----+--------+

Top non-repeatable levels by time:
     D:1: 1288 daAuts
     D:3: 616 daAuts
     D:2: 611 daAuts
